Map: Discordance EC

Players

PraetorND - Winner!

  • Race: Protoss Protoss
  • League: Diamond
  • Spawn Location: 1:00

Nico

  • Race: Protoss Protoss
  • League: Diamond
  • Spawn Location: 7:00

VOD

Have the link to the VOD?

Description

Time

  • Played on: Feb. 20, 2019, 12:01 p.m.
  • Length: 4:16
Show
View Real Time Build Order
Export as new Build Order

PraetorND Protoss - Winner!

Build Orders:  

Get SALT Encoding   

  12  0:00  Probe  
  13  0:12  Probe  
  14  0:25  Probe  
  15  0:33  Pylon  
  15  0:51  Gateway, Probe  
  15  0:54  Gateway  
  16  1:01  Gateway  
  16  1:23  Pylon  
  16  1:29  Zealot  
  16  1:39  Zealot  
  18  1:43  Zealot  
  18  1:44  Assimilator  
  22  1:54  Probe  
  22  1:55  Zealot  
  25  2:02  Zealot  
  25  2:05  Zealot  
  25  2:08  Pylon  
  29  2:16  Probe  
  30  2:26  Zealot  
  32  2:30  Cybernetics Core  
  32  2:38  Zealot  
  32  2:44  Zealot  
  34  2:58  Zealot  
  34  3:05  Zealot  
  34  3:14  Stalker  
  34  3:25  Stalker  
  34  3:33  Stalker  
  34  3:42  Stalker  
  34  3:44  Shield Battery  
Show
View Real Time Build Order
Export as new Build Order

Nico Protoss 

Build Orders:  

Get SALT Encoding   

  12  0:00  Probe  
  13  0:13  Probe  
  14  0:17  Pylon  
  14  0:22  Probe  
  15  0:31  Probe  
  15  0:39  Gateway  
  15  0:40  Probe  
  16  0:46  Assimilator  
  17  0:52  Probe  
  17  0:56  Assimilator  
  18  1:05  Probe  
  19  1:13  Gateway  
  19  1:17  Probe  
  20  1:28  Cybernetics Core  
  20  1:33  Pylon  
  20  1:35  Probe  
  21  1:59  Stalker x2  
  21  2:07  Shield Battery  
  25  2:10  Shield Battery  
  25  2:38  Gateway  
  25  2:42  Stalker  
  27  3:09  Gateway  
  27  3:14  Stalker  
  27  3:28  Gateway  
Tags
 
Add a new tag
Caveats
  • Supply blocks, unpowered buildings, or Contaminate may cause inaccurate times.
  • Supply counts are checked every 10 seconds.